AoeStats
← Reis

African Clearing

505867735Analyzed
4v4 RM · 22d ago on Sep 11, 2026· 20m 6s· 8 players
Game mode
Random Map
Map size
Large (8 player)
Population
200
Speed
Normal
Resources
Standard
Victory
Conquest
Starting age
Dark Age
Ending age
Imperial Age
RankedLock teamsTeams togetherTeam positionsShared explorationLock speedFull tech treeHidden civsTurbo modeCheats
Victory
Defeat
🇧🇷 Mapuche · Brazil
1555
+13
🇻🇳 Hindustanis · Vietnam
1527
+14
🇷🇺 Khitans · Russia
1437
+18
🇷🇺 Vietnamese · Russia
1331
+23
🇹🇼 Persians · Taiwan
1537
-18
🇯🇵 Georgians · Japan
1491
-17
🇨🇭 Mongols · Switzerland
1472
-17
🇨🇭 Bulgarians · Switzerland
1450
-16
fumisaiji
7:45 Loom
13:14 Feudal Age
17:11 Castle Age
15:41 Double-Bit Axe
16:55 Horse Collar
lorddoc
5:13 Loom
12:44 Feudal Age
16:58 Castle Age
18:28 Scale Barding Armor
18:32 Double-Bit Axe
chengaopeng044
3:39 Loom
3:39 Loom
15:48 Feudal Age
18:12 Double-Bit Axe
20:52 Castle Age
20:15 Bloodlines
20:15 Scale Barding Armor
Reis
13:17 Feudal Age
15:41 Fletching
AeroSpeed
4:03 Loom
14:52 Feudal Age
19:24 Fletching
GELO163Rus
3:24 Loom
12:42 Feudal Age
13:23 Double-Bit Axe
15:12 Forging
19:01 Scale Barding Armor
21:05 Wheelbarrow
nikolay.borisbl4
8:09 Loom
14:52 Feudal Age
14:56 Man-at-Arms
17:55 Arson
18:31 Forging
18:22 Scale Mail Armor
18:26 Double-Bit Axe
18:49 Horse Collar
DEXXTER
9:33 Loom
12:15 Feudal Age
13:45 Double-Bit Axe
18:20 Castle Age
18:04 Horse Collar
18:18 Gold Mining
Connection lost

Rejoining the realm…

Still unreachable

The connection could not be restored.

Session expired

The server has moved on; the page needs a fresh start.